 Dungeon Crawl Stone Soup version 0.24.0-1-gfbc8707 (webtiles) character file.

Game seed: 4746330593081848603, levelgen mode: deterministic

1173 JimmyStorm the Cleaver (level 8, -12/70 HPs)
             Began as a Hill Orc Berserker on Nov 13, 2019.
             Was a Priest of Trog.
             Engulfed by a centaur's freezing vapour (21 damage)
             ... on level 5 of the Dungeon.
             The game lasted 00:44:22 (4266 turns).

JimmyStorm the Cleaver (Hill Orc Berserker)         Turns: 4266, Time: 00:44:23

Health: -12/70     AC: 14    Str: 22    XL:     8   Next: 41%
Magic:  17/17      EV: 12    Int:  7    God:    Trog [***...]
Gold:   211        SH:  4    Dex: 10    Spells: 7/7 levels left

rFire    + . .     SeeInvis .   v - +2 flail (protect)
rCold    . . .     Gourm    .   h - +0 buckler
rNeg     . . .     Faith    .   w - +3 leather armour {rF+}
rPois    .         Spirit   .   (no helmet)
rElec    .         Reflect  .   (no cloak)
rCorr    .         Harm     .   u - +0 pair of gloves
MR       .....                  (no boots)
Stlth    +.........             (no amulet)
HPRegen  0.21/turn              (no ring)
MPRegen  0.15/turn              i - ring of magical power

@: protection aura
A: no striking features
a: Berserk, Trog's Hand, Renounce Religion


You were on level 5 of the Dungeon.
You worshipped Trog.
Trog was most pleased with you.
You were not hungry.

You visited 1 branch of the dungeon, and saw 5 of its levels.

You collected 211 gold pieces.

Inventory:

Hand Weapons
 g - a +0 dagger of venom
 q - a +0 war axe
 v - a +2 flail of protection (weapon)
Armour
 h - a +0 buckler (worn)
 u - a +0 pair of gloves (worn)
 w - a +3 leather armour of fire resistance (worn)
Jewellery
 i - a ring of magical power (right hand)
 z - an uncursed ring of attention
Wands
 k - a wand of enslavement (10)
 s - a wand of scattershot (8)
Scrolls
 b - a scroll of identify {unknown}
 e - a scroll of noise {unknown}
 f - a scroll of random uselessness {unknown}
 j - a scroll of magic mapping {unknown}
 l - a scroll of teleportation {unknown}
 p - a scroll of fog {unknown}
 r - a scroll of amnesia
 y - a scroll of blinking {unknown}
Potions
 d - a potion of mutation {unknown}
 m - 4 potions of curing {unknown}
 n - a potion of might {unknown}
 o - a potion of magic {unknown}
 x - a potion of invisibility {unknown}
Comestibles
 a - 2 chunks of flesh
 c - 6 rations


   Skills:
 + Level 6.1 Fighting
 - Level 8.0(8.6) Axes
 * Level 3.9(5.8) Maces & Flails
 + Level 4.7 Armour
 - Level 2.0 Dodging
 - Level 0.1 Stealth
 * Level 4.2 Shields


You had 7 spell levels left.
You didn't know any spells.
Your spell library was empty.

Dungeon Overview and Level Annotations

Branches:
Dungeon (5/15)
 Temple: D:4-7

Altars:
Sif Muna
Trog
Uskayaw
Yredelemnul


Message History

The centaur hits you but does no damage.
The centaur hits you!
You sock the centaur!
The centaur is severely wounded.
You are engulfed in freezing vapours.
The centaur zaps a wand.
The centaur creates a blast of poison gas!
The centaur misses you.
You closely miss the centaur.
The centaur is severely wounded.
You are engulfed in freezing vapours.
* * * LOW HITPOINT WARNING * * *
The centaur hits you but does no damage.
Press: ? - help, v - describe, . - travel, g - get item
Here: a centaur, carrying a wand of clouds (4) (severely wounded)
A +0 giant club.
The floor.
You hit the centaur.
The centaur is almost dead.
You are engulfed in freezing vapours.
You die...

..... ...
... ... #'#
#.# #c#
##@##
##§§§##
#.§§§.#
#######§§§§#
#........#.+
..######.###
#.# #.#
######## #.#


You could see a centaur.

Vanquished Creatures
  Grinder (D:3)
  Edmund (D:4)
  4 ogres
  A bullfrog zombie (D:5)
  2 hounds
  2 orc priests (D:3)
  2 orc wizards (D:5)
  A centaur skeleton (D:5)
  Natasha (thrice) (D:2)
  3 worker ants
  4 adders
  3 oozes
  2 worms
  2 dart slugs (D:1)
  5 leopard geckos
  13 orcs
  5 bats
  7 giant cockroaches
  7 goblins
  6 hobgoblins
  5 quokkas
  A ball python (D:2)
  8 frilled lizards
  9 kobolds
  4 rats
  A spectral orc (D:3)
102 creatures vanquished.

Notes
Turn   | Place    | Note
-------+----------+-------------------------------------------
     0 | D:1      | JimmyStorm the Hill Orc Berserker began the quest for the
                  | Orb.
     0 | D:1      | Reached XP level 1. HP: 19/19 MP: 1/1
    90 | D:1      | Reached XP level 2. HP: 10/27 MP: 2/2
  1005 | D:1      | Reached XP level 3. HP: 33/33 MP: 3/3
  1318 | D:2      | Noticed Natasha
  1339 | D:2      | Killed Natasha
  1339 | D:2      | Reached skill level 5 in Axes
  1339 | D:2      | Noticed a +0 dagger
  1345 | D:2      | Reached XP level 4. HP: 25/40 MP: 4/4
  1352 | D:2      | Noticed a +0 hand axe
  1479 | D:2      | Reached ** piety under Trog
  1582 | D:2      | Found a hide-covered altar of Uskayaw.
  1671 | D:2      | Found a shimmering blue altar of Sif Muna.
  1703 | D:2      | Noticed Natasha
  1709 | D:2      | Killed Natasha
  1709 | D:2      | Reached skill level 1 in Shields
  1755 | D:2      | Reached XP level 5. HP: 46/47 MP: 5/5
  1819 | D:2      | Noticed Natasha
  1827 | D:2      | Killed Natasha
  2032 | D:2      | Reached skill level 6 in Axes
  2354 | D:3      | Reached XP level 6. HP: 55/55 MP: 6/6
  2638 | D:3      | Found a basalt altar of Yredelemnul.
  3026 | D:3      | Noticed Grinder
  3038 | D:3      | Killed Grinder
  3038 | D:3      | Reached skill level 5 in Fighting
  3038 | D:3      | Reached skill level 7 in Axes
  3038 | D:3      | Reached XP level 7. HP: 61/61 MP: 7/7
  3428 | D:4      | Noticed Edmund
  3444 | D:4      | Killed Edmund
  3444 | D:4      | Reached skill level 8 in Axes
  3750 | D:4      | Got a citrine-encrusted ring mail
  3784 | D:4      | Reached *** piety under Trog
  3931 | D:5      | Entered Level 5 of the Dungeon
  3934 | D:5      | Reached skill level 1 in Maces & Flails
  3983 | D:5      | Reached XP level 8. HP: 65/70 MP: 8/8
  4088 | D:5      | Found a bloodstained altar of Trog.
  4266 | D:5      | Engulfed by a centaur's freezing vapour

Levels and vault maps discovered:
D:1:      ebering_hopf_link, layout_loops_ring, serial_forest,
          infiniplex_forest_clump_small, infiniplex_forest_clump_C,
          infiniplex_forest_corner_1, infiniplex_forest_end_1,
          minmay_misc_feat_x, roderic_serpentine_path
D:2:      layout_rooms, dancing_weapons_uskayaw, lemuel_coloured_pillars_altar,
          first_ration, minmay_three_crescents, uniq_natasha
D:3:      layout_loops_ring, yredelemnul_forgotten_temple_becter, uniq_grinder
D:4:      layout_loops_ring, uniq_edmund
D:5:      layout_loops_corners, marbit_many_paths, kennysheep_mini,
          chei_slow_surprise

Skill      XL: |  1  2  3  4  5  6  7  8 |
---------------+-------------------------+-----
Fighting       | 4 5 6 |  6.1
Axes           | 5 6 7 8 |  8.0
Dodging        | 2 |  2.0
Shields        | 1 2 3 4 |  4.2
Armour         | 3 4 |  4.7
Maces & Flails | 1 3 |  3.9
Stealth        | |  0.1

Action                   |  1- 3 |  4- 6 |  7- 9 || total
-------------------------+-------+-------+-------++-------
Melee: Hand axe          |    71 |   168 |       ||   239
       War axe           |       |    59 |    24 ||    83
       Flail             |       |       |    78 ||    78
Invok: Berserk           |       |     2 |     1 ||     3
       Trog's Hand       |       |     1 |       ||     1
  Use: Potion            |     1 |       |       ||     1
       Scroll            |       |     1 |     3 ||     4
  Eat: Ration            |     2 |     1 |     1 ||     4
       Chunk             |       |       |     2 ||     2
Armor: Animal skin       |    12 |     3 |       ||    15
       Ring mail         |       |    41 |       ||    41
       Scale mail        |       |    12 |     8 ||    20
       Leather armour    |       |       |    23 ||    23
Dodge: Dodged            |    39 |   103 |    38 ||   180
Block: Buckler           |     5 |    25 |     7 ||    37
